 Dungeon Crawl Stone Soup version 0.26-a0-682-g294304f6e8 (webtiles) character file.

Game seed: 12353349677590382302

52 skwerlee the Chopper (level 4, 0/35 HPs)
             Began as a Formicid Fighter on Oct 21, 2020.
             Succumbed to an adder's poison
             ... on level 2 of the Dungeon.
             The game lasted 00:02:41 (1095 turns).

skwerlee the Chopper (Formicid Fighter)             Turns: 1095, Time: 00:02:42

Health: 0/35       AC:  6    Str: 21    XL:     4   Next: 8%
Magic:  4/4        EV:  9    Int:  8    God:
Gold:   44         SH:  0    Dex: 10    Spells: 3/3 levels left

rFire    . . .     SeeInvis +   a - +0 war axe
rCold    . . .     Faith    .   (no shield)
rNeg     . . .     Spirit   .   b - +0 scale mail
rPois    .         Reflect  .   (helmet unavailable)
rElec    .         Harm     .   (no cloak)
rCorr    .         Rampage  .   (no gloves)
MR       .....                  (no boots)
Stlth    ..........             (no amulet)
HPRegen  0.11/turn              (no ring)
MPRegen  0.09/turn              (no ring)

@: brilliant, lethally poisoned (0 -> -2), stab, very slightly contaminated,
invisible
A: permanent stasis, dig shafts and tunnels, four strong arms, antennae 3
a: Dig, Shaft Self


You were on level 2 of the Dungeon.
You visited 1 branch of the dungeon, and saw 2 of its levels.

You collected 44 gold pieces.

Inventory:

Hand Weapons
 a - a +0 war axe (weapon)
Armour
 b - a +0 scale mail (worn)
Scrolls
 c - a scroll of immolation {unknown}
 e - a scroll of teleportation {unknown}
Potions
 d - a potion of might
 g - a potion of magic


   Skills:
 - Level 3.2 Fighting
 + Level 3.9 Axes
 - Level 3.2 Armour
 + Level 0.3 Dodging
   Level 3.6 Shields


You had 3 spell levels left.
You didn't know any spells.
Your spell library was empty.

Dungeon Overview and Level Annotations

Branches:
Dungeon (2/15)

Altars:


Innate Abilities, Weirdness & Mutations

You cannot be hasted, slowed, berserked, paralysed or teleported.
You can dig through walls and to a lower floor.
Your four strong arms can wield two-handed weapons with a shield.
You have a pair of large antennae on your head. (SInv)


Message History

Unknown command.
Okay, then.
* * * LOW HITPOINT WARNING * * *
You feel sick.
* * * LOW HITPOINT WARNING * * *
You feel sick.
* * * LOW HITPOINT WARNING * * *
You feel sick.
You see here 18 sling bullets.
There is a lethal amount of poison in your body!
There is a lethal amount of poison in your body!
There is a lethal amount of poison in your body!
There is a lethal amount of poison in your body!
There is a lethal amount of poison in your body!
There is a lethal amount of poison in your body!
There is a lethal amount of poison in your body!
There is a lethal amount of poison in your body!
There is a lethal amount of poison in your body!
You see here 18 sling bullets.
You die...

#####.....## #.. ........
#.# #.....#
###############.###.....#
#....................####
#.######†.......#..)....#
#.######.......##.......#
#.##.......>....#.......##
#.##.###.(@................
#.##.###........#.......###
#.<................†....#
####.##.#.#.###(#.........
....>.....#.#..##.#####.
................ ...
...###...###.##.##.#.. ...#
###.# #..#.# #### #...# #
..


There were no monsters in sight!

Vanquished Creatures
  2 adders (D:2)
  A worm (D:2)
  3 dart slugs (D:1)
  A ball python (D:1)
  2 giant cockroaches (D:1)
  4 goblins
  4 hobgoblins
  2 kobolds (D:1)
  2 bats (D:1)
  2 frilled lizards (D:1)
  A rat (D:1)
24 creatures vanquished.

Notes
Turn   | Place    | Note
-------+----------+-------------------------------------------
     0 | D:1      | skwerlee the Formicid Fighter began the quest for the Orb.
     0 | D:1      | Reached XP level 1. HP: 18/18 MP: 1/1
   321 | D:1      | Reached XP level 2. HP: 24/24 MP: 2/2
   632 | D:1      | Reached XP level 3. HP: 27/29 MP: 3/3
  1083 | D:2      | Reached XP level 4. HP: 4/35 MP: 4/4
  1087 | D:2      | HP: 1/35 [poisoned by an adder]
  1095 | D:2      | Succumbed to an adder's poison

Illustrated notes

Levels and vault maps discovered:
D:1:      dpeg_arrival_fog, layout_basic
D:2:      layout_loops_ring, nicolae_tso_swordbearing_angel

Skill      XL: |  1  2 |
---------------+-------+-----
Axes           | 3 |  3.9
Fighting       | |  3.2
Armour         | |  3.2
Dodging        | |  0.3
Shields        | |  3.6

Action                   |  1- 3 |  4- 6 || total
-------------------------+-------+-------++-------
Melee: War axe           |    70 |       ||    70
  Use: Potion            |     4 |       ||     4
 Stab: Sleeping          |     1 |       ||     1
Armor: Scale mail        |    36 |       ||    36
Dodge: Dodged            |    49 |       ||    49

Table legend: (Time is in decaauts)
 A = Elapsed time spent in this place.
 B = Non-inter-level travel time spent in this place.
 C = Inter-level travel time spent in this place.
 D = Time resting spent in this place.
 E = Time spent auto-exploring this place.
 F = Levels seen in this place.
 G = Mean time per level.
                   A        B        C        D        E       F      G
               +--------+--------+--------+--------+--------+-----+--------+
         Total |   1118 |   1084 |     34 |    243 |    648 |   2 |  559.0 |
       Dungeon |   1118 |   1084 |     34 |    243 |    648 |   2 |  559.0 |
               +--------+--------+--------+--------+--------+-----+--------+

Top non-repeatable levels by time:
     D:1: 1042 daAuts
     D:2: 76 daAuts
